 Dungeon Crawl Stone Soup version 0.23.1 (webtiles) character file.

Game seed: 9197493190275490258

105823 vishdafish the Blocker (level 16, -9/127 HPs)
             Began as a Gnoll Fighter on Mar 10, 2019.
             Was an Initiate of Gozag.
             Mangled by an earth elemental (18 damage)
             ... summoned by a deep elf mage
             ... on level 15 of the Dungeon.
             The game lasted 01:00:27 (28987 turns).

vishdafish the Blocker (Gnoll Fighter)             Turns: 28987, Time: 01:00:28

Health: -9/127     AC: 24    Str: 21    XL:     16   Next: 42%
Magic:  21/21      EV: 17    Int: 15    God:    Gozag
Gold:   1007       SH: 13    Dex: 18    Spells: 29/36 levels left

rFire    + + .     SeeInvis +   G - +5 scimitar "Olyageh" {venom, +Inv MR+ SInv}
rCold    + . .     Gourm    .   c - +0 shield
rNeg     . . .     Faith    .   Y - +1 swamp dragon scales
rPois    +         Spirit   .   Q - +2 hat {Int+3}
rElec    .         Reflect  .   t - +0 cloak
rCorr    .         Harm     .   (no gloves)
MR       +++++                  p - +0 pair of boots of Kyagrel {rPois}
Stlth    +++.......             b - amulet of magic regeneration
HPRegen  0.31/turn              T - ring of Robustness {AC+8}
MPRegen  0.42/turn              S - ring of Fetuxkir {rF++ MR+++ MP-9 Dex+2 Stlth-}

@: lethally poisoned (-9 -> -26), gold aura, drained
A: distributed training, fangs 1, cold resistance 1, magic resistance 1, weak 1,
strong nose
a: Potion Petition, Call Merchant, Bribe Branch, Renounce Religion, Evoke
Invisibility


You were on level 15 of the Dungeon.
You worshipped Gozag.
Gozag was most pleased with you.
You were not hungry.

You visited 4 branches of the dungeon, and saw 24 of its levels.
You also visited: Sewer, Gauntlet and Ice Cave.

You collected 8367 gold pieces.
You spent 1865 gold pieces at shops.
You paid 5495 gold pieces to Gozag.

Inventory:

Hand Weapons
 G - the +5 scimitar "Olyageh" (weapon) {venom, +Inv MR+ SInv}
   (You bought it in a shop on level 5 of the Lair of Beasts)

   It poisons the flesh of those it strikes.
   It affects your resistance to hostile enchantments.
   It lets you see invisible.
   It lets you turn invisible.
 I - a +1 short sword of electrocution
Missiles
 K - 12 javelins (quivered)
 U - 17 steel javelins
Armour
 c - a +0 shield (worn)
 p - the +0 pair of boots of Kyagrel (worn) {rPois}
   (You found it on level 11 of the Dungeon)

   It protects you from poison.
 t - a +0 cloak (worn)
 H - a +0 pair of boots
 Q - a +2 hat of intelligence (worn)
 X - +0 fire dragon scales
 Y - +1 swamp dragon scales (worn)
Jewellery
 b - an amulet of magic regeneration (around neck)
 n - an uncursed ring of positive energy
 o - an uncursed ring of wizardry
 J - an uncursed ring of poison resistance
 S - the ring of Fetuxkir (right hand) {rF++ MR+++ MP-9 Dex+2 Stlth-}
   (You found it in a Gauntlet)

   [ring of attention]

   It affects your dexterity (+2).
   It greatly protects you from fire.
   It affects your resistance to hostile enchantments.
   It affects your magic capacity (-9).
   It makes you less stealthy.
 T - the ring of Robustness (left hand) {AC+8}
   (You took it off a minotaur in a Gauntlet)

   [ring of protection]

   It affects your AC (+8).
 Z - an uncursed ring of protection from magic
Wands
 a - a wand of iceblast (18)
 w - a wand of enslavement (11)
 M - a wand of paralysis (1)
 R - a wand of digging (15)
 V - a wand of clouds (4)
 W - a wand of disintegration (5)
Scrolls
 e - 14 scrolls of remove curse
 h - 7 scrolls of enchant weapon
 k - 2 scrolls of random uselessness
 l - 5 scrolls of fog
 m - 5 scrolls of fear
 q - 14 scrolls of teleportation
 v - 5 scrolls of immolation
 y - 4 scrolls of blinking
 z - 10 scrolls of identify
 A - a scroll of magic mapping
 C - 6 scrolls of enchant armour
 D - 2 scrolls of holy word
 F - 2 scrolls of amnesia
 N - a scroll of noise
 P - a scroll of brand weapon
Potions
 d - 5 potions of might
 g - 3 potions of haste
 i - 7 potions of brilliance
 j - 9 potions of curing
 r - 5 potions of magic
 s - 5 potions of cancellation
 u - 2 potions of ambrosia
 x - 4 potions of flight
 B - 3 potions of mutation
 L - 3 potions of lignification
Comestibles
 f - 16 rations


   Skills:
 + Level 12.2(11.0) Fighting
 + Level 10.6(9.4) Short Blades
 + Level 11.5(10.2) Long Blades
 + Level 10.6(9.4) Axes
 + Level 10.6(9.4) Maces & Flails
 + Level 10.6(9.4) Polearms
 + Level 10.6(9.4) Staves
 + Level 10.6(9.4) Slings
 + Level 10.6(9.4) Bows
 + Level 10.6(9.4) Crossbows
 + Level 10.6(9.4) Throwing
 + Level 12.2(11.0) Armour
 + Level 10.6(9.4) Dodging
 + Level 10.6(9.4) Stealth
 + Level 12.2(11.0) Shields
 + Level 10.6(9.4) Unarmed Combat
 + Level 10.6(9.4) Spellcasting
 + Level 9.0(7.8) Conjurations
 + Level 9.0(7.8) Hexes
 + Level 9.0(7.8) Charms
 + Level 9.0(7.8) Summonings
 + Level 9.0(7.8) Necromancy
 + Level 9.0(7.8) Translocations
 + Level 9.0(7.8) Transmutations
 + Level 9.0(7.8) Fire Magic
 + Level 9.0(7.8) Ice Magic
 + Level 9.0(7.8) Air Magic
 + Level 9.0(7.8) Earth Magic
 + Level 9.0(7.8) Poison Magic
 + Level 11.5(10.2) Invocations
 + Level 10.6(9.4) Evocations


You had 29 spell levels left.
You knew the following spells:

 Your Spells              Type           Power        Failure   Level  Hunger
a - Song of Slaying       Chrm           ####....     1%          2    None
b - Lee's Rapid Deconstr  Erth           ####......   26%         5    #####..

Your spell library contained the following spells:

 Spells                   Type           Power        Failure   Level  Hunger
 Beastly Appendage        Tmut           ####..       1%          1    None
 Confusing Touch          Hex            ####..       1%          1    None
 Corona                   Hex            ####...      1%          1    None
 Infusion                 Chrm           ####         1%          1    None
 Magic Dart               Conj           ####         1%          1    None
 Sandblast                Erth           ####..       1%          1    None
 Blink                    Tloc           N/A          1%          2    None
 Call Imp                 Summ           ####....     1%          2    None
 Ensorcelled Hibernation  Hex/Ice        ####..       1%          2    None
 Passwall                 Tmut/Erth      ####....     1%          2    None
 Shroud of Golubria       Chrm/Tloc      ####......   1%          2    None
 Slow                     Hex            ####....     1%          2    None
 Sticks to Snakes         Tmut           ####....     1%          2    None
 Throw Frost              Conj/Ice       ####..       1%          2    None
 Confuse                  Hex            ####....     3%          3    #......
 Conjure Flame            Conj/Fire      ####....     3%          3    #......
 Dazzling Spray           Conj/Hex       ####..       3%          3    #......
 Gell's Gravitas          Tloc           ####......   3%          3    #......
 Mephitic Cloud           Conj/Pois/Air  ####....     3%          3    #......
 Regeneration             Chrm/Necr      ####......   3%          3    #......
 Spectral Weapon          Hex/Chrm       ####....     3%          3    #......
 Spider Form              Tmut/Pois      ####......   3%          3    #......
 Stone Arrow              Conj/Erth      ####..       3%          3    #......
 Tukima's Dance           Hex            ####....     3%          3    #......
 Ice Form                 Ice/Tmut       ####....     10%         4    ###....
 Petrify                  Tmut/Erth      ####....     10%         4    ###....
 Blade Hands              Tmut           ####......   26%         5    #####..
 Metabolic Englaciation   Hex/Ice        ####......   26%         5    #####..
 Yara's Violent Unravell  Hex/Tmut       ####......   26%         5    #####..
 Deflect Missiles         Chrm/Air       ####......   83%         6    ######.
 Freezing Cloud           Conj/Ice/Air   ####......   83%         6    ######.


Dungeon Overview and Level Annotations

Branches:
Dungeon (15/15)            Temple (1/1) D:4            Lair (6/6) D:8
 Shoals (0/4) Lair:2       Spider (0/4) Lair:2        Slime (0/5) Lair:6
    Orc (2/2) D:9             Elf (0/3) Orc:2        Vaults (0/5) D:14
 Depths (0/5) D:15

Altars:
Ashenzari
Cheibriados
Dithmenos
Gozag
Makhleb
Okawaru
Qazlal
Trog
Uskayaw
Wu Jian
Xom
Zin
The Shining One
Beogh
Jiyva

Shops:
D:6 [?*(   D:7 ?   D:9 }   D:13 :   D:14 *   Orc:2 ((:*[(   Lair:5 =(

Annotations:
D:3 2 transporters, VegetableRights's ghost, amateur SpCj
D:4 2 transporters, bmj180's ghost, amateur MiFi


Innate Abilities, Weirdness & Mutations

Your experience applies equally to all skills.
You have very sharp teeth.
Your uncanny sense of smell can sniff out nearby items.
Your flesh is cold resistant. (rC+)
You are resistant to hostile enchantments. (MR+)
You are weak. (Str -2)


Message History

The gargoyle is blasted!
You feel sick. You block the deep elf mage's attack.
You block the gargoyle's attack. The earth elemental barely misses you.
The earth elemental closely misses you.
Evoke which item? (* to show all) (? for menu, Esc to quit)
Aiming: Disintegrate
Press: ? - help, Shift-Dir - straight line, f/p - gargoyle
Aim: a gargoyle, wielding a +0 mace (heavily damaged, chance to defeat MR: 79%)
The gargoyle barely resists.
You feel sick.
The deep elf mage hits you but does no damage.
You block the gargoyle's attack.
Evoke which item? (* to show all) (? for menu, Esc to quit)
Aiming: Disintegrate
Press: ? - help, Shift-Dir - straight line, f/p - gargoyle
Aim: a gargoyle, wielding a +0 mace (heavily damaged, chance to defeat MR: 79%)
The gargoyle barely resists.
You feel sick. The earth elemental hits you!!
* * * LOW HITPOINT WARNING * * *
The deep elf mage gestures at you while chanting.
The bolt of magma misses you. The earth elemental hits you!!
You die...
Your body crumbles into a pile of gold.

#.# #..#.....#.#.........
#####.#####..#######.#.........
#..............................
#.###..........................
#.##...........................
#.##.######.#########.........#
#.##........#}E....##.###+##+#.
#.##........#E9e...##.###.##+#.
#.##........#E@# #+##..#[......
#[##........#..# #.##..#.......
#.##........#..# #.##..#.......
#.##........#..# #.##..##.##'##
#.##.#+####.#..###.##..##.##.#
#.##.#......#..'....#..'..##.#
#..#.#.####.######..#..#####.#
##.#.#......#######'#..#####.##
#.#...........................


You could see 3 earth elementals, a deep elf mage and a gargoyle.

Vanquished Creatures
  Frances (D:13)
  Agnes (D:14)
  A fire giant (D:15)
  A frost giant (IceCv)
  An orc warlord (Orc:2)
  2 entropy weavers (Lair:6)
  A minotaur (Gauntlet)
  The ghost of poxu the Grappler, a journeyman TrMo of Wu Jian (D:11)
  Josephine (D:11)
  3 vault guards (D:14)
  9 hydras
  An ice dragon (Orc:2)
  A catoblepas (Gauntlet)
  A death knight (D:13)
  3 centaur warriors
  2 two-headed ogres
  A queen ant (Lair:5)
  4 orc high priests (Orc:2)
  A death yak (IceCv)
  Urug (D:12)
  A skeletal warrior (D:13)
  6 unseen horrors
  A lindwurm (Lair:5)
  A wizard (D:14)
  A wolf spider zombie (D:15)
  A phantasmal warrior (D:13)
  A necromancer (D:14)
  3 orc knights (Orc:2)
  A deep elf mage (D:15)
  7 ugly things
  4 manticores
  4 orc sorcerers (Orc:2)
  2 cyclopes
  6 elephants
  A guardian serpent (shapeshifter) (D:14)
  4 black mambas
  An ice statue (IceCv)
  2 molten gargoyles (Gauntlet)
  2 centaur zombies (D:15)
  23 spiny frogs
  A gargoyle (Gauntlet)
  4 kobold demonologists
  3 rime drakes
  3 komodo dragons
  A freezing wraith (D:13)
  A merfolk (Lair:2)
  4 tyrant leeches (Lair:6)
  A jumping spider (Lair:2)
  18 polar bears
  3 meliai (D:14)
  2 trolls
  A hornet (D:15)
  15 blink frogs
  8 slime creatures (D:15)
  7 hippogriffs
  2 meliai zombies
  Grinder (D:5)
  9 flying skulls (Gauntlet)
  56 yaks
  7 wyverns
  A water elemental (D:12)
  A shadow (D:15)
  7 basilisks
  6 wraiths
  3 fire bats (Lair:3)
  A fire bat (shapeshifter) (D:14)
  4 hungry ghosts
  21 humans (D:14)
  6 vampire mosquitoes (Lair:6)
  A warg (Orc:1)
  An acid dragon (D:11)
  24 soldier ants
  11 water moccasins
  7 porcupines
  32 orc warriors
  A black bear (D:9)
  A phantom (D:4)
  2 ice beasts
  An eye of draining (shapeshifter) (D:15)
  7 ogres
  A necrophage (D:8)
  22 wolves
  16 crocodiles
  4 big kobolds
  33 bullfrogs
  A hornet simulacrum (D:14)
  4 scorpions
  3 wights (D:10)
  5 killer bees (D:10)
  15 electric eels
  2 howler monkeys
  A bullfrog zombie (D:7)
  4 crimson imps
  2 quasits
  A bullfrog skeleton (D:5)
  4 jellies
  A gnoll shaman (Orc:1)
  16 orc priests
  4 centaur skeletons
  6 hounds
  24 orc wizards
  3 iguanas
  22 worker ants
  A hound zombie (D:6)
  6 gnolls
  19 adders
  2 river rats (Sewer)
  2 shadow imps
  An ooze (D:2)
  2 adder skeletons
  An adder zombie (D:5)
  7 worms
  A dart slug (D:1)
  5 leopard geckos
  75 orcs
  8 ball pythons
  6 giant cockroaches
  5 goblins
  10 hobgoblins
  15 jackals
  32 kobolds
  9 quokkas
  6 bats
  5 frilled lizards
  2 jackal skeletons (D:5)
  A leopard gecko zombie (D:5)
  A quokka zombie (D:6)
  17 rats
827 creatures vanquished.

Vanquished Creatures (others)
  2 polar bears
  A yak (IceCv)
  2 wolves (IceCv)
  An orc (Orc:2)
  A bush (Lair:6)
  12 fungi (Lair:6)
  33 plants (Lair:6)
52 creatures vanquished.

Grand Total: 879 creatures vanquished

Notes
Turn   | Place    | Note
-------+----------+-------------------------------------------
     0 | D:1      | vishdafish the Gnoll Fighter began the quest for the Orb.
     0 | D:1      | Reached XP level 1. HP: 23/23 MP: 1/1
    78 | D:1      | Reached XP level 2. HP: 23/29 MP: 2/2
   376 | D:1      | Reached XP level 3. HP: 35/35 MP: 3/3
   820 | D:2      | You fall through a shaft!
   930 | D:2      | Reached skill level 1 in Invocations
   937 | D:2      | Reached skill level 1 in Short Blades
   937 | D:2      | Reached skill level 1 in Axes
   937 | D:2      | Reached skill level 1 in Maces & Flails
   937 | D:2      | Reached skill level 1 in Polearms
   937 | D:2      | Reached skill level 1 in Staves
   937 | D:2      | Reached skill level 1 in Slings
   937 | D:2      | Reached skill level 1 in Bows
   937 | D:2      | Reached skill level 1 in Crossbows
   937 | D:2      | Reached skill level 1 in Throwing
   937 | D:2      | Reached skill level 1 in Dodging
   937 | D:2      | Reached skill level 1 in Stealth
   937 | D:2      | Reached skill level 1 in Unarmed Combat
   937 | D:2      | Reached skill level 1 in Spellcasting
   937 | D:2      | Reached skill level 1 in Evocations
   937 | D:2      | Reached XP level 4. HP: 34/41 MP: 5/5
   998 | D:2      | Found a glowing golden altar of the Shining One.
  1156 | D:2      | Found a hide-covered altar of Uskayaw.
  1190 | D:2      | Reached skill level 1 in Conjurations
  1190 | D:2      | Reached skill level 1 in Hexes
  1190 | D:2      | Reached skill level 1 in Charms
  1190 | D:2      | Reached skill level 1 in Summonings
  1190 | D:2      | Reached skill level 1 in Necromancy
  1190 | D:2      | Reached skill level 1 in Translocations
  1190 | D:2      | Reached skill level 1 in Transmutations
  1190 | D:2      | Reached skill level 1 in Fire Magic
  1190 | D:2      | Reached skill level 1 in Ice Magic
  1190 | D:2      | Reached skill level 1 in Air Magic
  1190 | D:2      | Reached skill level 1 in Earth Magic
  1190 | D:2      | Reached skill level 1 in Poison Magic
  1510 | D:2      | Reached XP level 5. HP: 24/47 MP: 6/6
  1838 | D:3      | Found a transporter.
  1839 | D:3      | Noticed VegetableRights's ghost (amateur SpCj)
  1862 | D:3      | Found a transporter.
  2380 | D:4      | Found a transporter.
  2387 | D:4      | Noticed bmj180's ghost (amateur MiFi)
  2437 | D:4      | Found a transporter.
  2673 | D:4      | Found a staircase to the Ecumenical Temple.
  2686 | Temple   | Entered the Ecumenical Temple
  2708 | Temple   | Became a worshipper of Gozag Ym Sagoz the Greedy
  2731 | Temple   | Reached XP level 6. HP: 33/53 MP: 8/8
  3015 | D:4      | Found a burning altar of Makhleb.
  3022 | D:4      | Reached skill level 5 in Long Blades
  3187 | D:4      | Noticed a phantom
  3233 | D:4      | Killed a phantom
  3299 | D:5      | Entered Level 5 of the Dungeon
  3327 | D:5      | Identified a scroll of acquirement
  3357 | D:5      | Found a shadowy altar of Dithmenos.
  3374 | D:5      | Reached XP level 7. HP: 48/59 MP: 10/10
  3616 | D:5      | Noticed Grinder
  3622 | D:5      | Paralysed by Grinder for 6 turns
  3628 | D:5      | Killed Grinder
  3640 | D:5      | Found a glowing drain.
  3686 | Sewer    | Entered a sewer
  3995 | Sewer    | Reached XP level 8. HP: 66/67 MP: 12/12
  4717 | D:6      | Found Holuipp's Antique Weapon Emporium.
  4722 | D:6      | Found Xamen's General Store.
  4722 | D:6      | Found Xinocipt's Magic Scroll Emporium.
  4724 | D:6      | Found Qintyxzaa's Armour Emporium.
  4761 | D:6      | Bought a throwing net for 36 gold pieces
  4769 | D:6      | Bought a scroll of enchant armour for 90 gold pieces
  4769 | D:6      | Bought a scroll of holy word for 90 gold pieces
  4860 | D:6      | Bought a scroll of identify for 24 gold pieces
  4860 | D:6      | Bought a scroll of teleportation for 36 gold pieces
  4860 | D:6      | Bought a scroll of fear for 42 gold pieces
  4860 | D:6      | Bought a scroll of holy word for 90 gold pieces
  4860 | D:6      | Bought a scroll of identify for 24 gold pieces
  4860 | D:6      | Bought a scroll of teleportation for 36 gold pieces
  4860 | D:6      | Bought a scroll of enchant weapon for 90 gold pieces
  4864 | D:6      | Bought a scroll of teleportation for 36 gold pieces
  4864 | D:6      | Bought a scroll of fog for 24 gold pieces
  4864 | D:6      | Bought a scroll of fog for 24 gold pieces
  5056 | D:6      | Reached XP level 9. HP: 30/72 MP: 14/14
  5553 | D:7      | Found Noutogusa's Magic Scroll Emporium.
  5560 | D:7      | Got an ichor-stained leather armour
  5571 | D:7      | Identified the +2 leather armour of the King {rElec Str+3}
                  | (You found it on level 7 of the Dungeon)
  5604 | D:7      | Bought a scroll of identify for 28 gold pieces
  5604 | D:7      | Bought a scroll of identify for 28 gold pieces
  6052 | D:7      | Found a glowing silver altar of Zin.
  6809 | D:8      | Reached skill level 5 in Invocations
  6980 | D:8      | Found a stormy altar of Qazlal.
  6992 | D:8      | Got a pitted dagger
  6993 | D:8      | Identified the +7 dagger "Feler" {speed, rElec rPois Dex-2}
                  | (You found it on level 8 of the Dungeon)
  7067 | D:8      | Reached XP level 10. HP: 77/79 MP: 17/17
  7114 | D:8      | Found a staircase to the Lair.
  7192 | D:8      | Noticed a two-headed ogre
  7213 | D:8      | Killed a two-headed ogre
  7213 | D:8      | Reached skill level 5 in Short Blades
  7213 | D:8      | Reached skill level 5 in Axes
  7213 | D:8      | Reached skill level 5 in Maces & Flails
  7213 | D:8      | Reached skill level 5 in Polearms
  7213 | D:8      | Reached skill level 5 in Staves
  7213 | D:8      | Reached skill level 5 in Slings
  7213 | D:8      | Reached skill level 5 in Bows
  7213 | D:8      | Reached skill level 5 in Crossbows
  7213 | D:8      | Reached skill level 5 in Throwing
  7213 | D:8      | Reached skill level 5 in Dodging
  7213 | D:8      | Reached skill level 5 in Stealth
  7213 | D:8      | Reached skill level 5 in Unarmed Combat
  7213 | D:8      | Reached skill level 5 in Spellcasting
  7213 | D:8      | Reached skill level 5 in Evocations
  7361 | D:9      | Found a staircase to the Orcish Mines.
  7567 | D:9      | Found Utinn's Gadget Shop.
  7573 | D:9      | Bought a wand of scattershot (6) for 450 gold pieces
  7698 | D:10     | Entered Level 10 of the Dungeon
  7776 | D:10     | Found a shimmering altar of Xom.
  8539 | D:11     | Found a gate leading to a gauntlet.
  8548 | Gauntlet | Entered a Gauntlet
  8548 | Gauntlet | Found a transporter.
  8548 | Gauntlet | Found a transporter.
  8550 | Gauntlet | Found a transporter.
  8553 | Gauntlet | Found a transporter.
  8553 | Gauntlet | Found a transporter.
  8555 | Gauntlet | Noticed a gargoyle
  8598 | Gauntlet | Noticed a molten gargoyle
  8599 | Gauntlet | Noticed a catoblepas
  8604 | Gauntlet | Found a transporter.
  8610 | Gauntlet | Noticed a molten gargoyle
  8620 | Gauntlet | Found a transporter.
  8628 | Gauntlet | Found a transporter.
  8669 | Gauntlet | Found a transporter.
  8673 | Gauntlet | Found a transporter.
  8716 | Gauntlet | Found a transporter.
  8716 | Gauntlet | Noticed a death scarab
  8719 | Gauntlet | Noticed a spectral death yak
  8743 | Gauntlet | Found a transporter.
  8826 | Gauntlet | Reached XP level 11. HP: 64/87 MP: 19/19
  9069 | Gauntlet | Killed a catoblepas
  9079 | Gauntlet | Reached skill level 5 in Conjurations
  9079 | Gauntlet | Reached skill level 5 in Hexes
  9079 | Gauntlet | Reached skill level 5 in Charms
  9079 | Gauntlet | Reached skill level 5 in Summonings
  9079 | Gauntlet | Reached skill level 5 in Necromancy
  9079 | Gauntlet | Reached skill level 5 in Translocations
  9079 | Gauntlet | Reached skill level 5 in Transmutations
  9079 | Gauntlet | Reached skill level 5 in Fire Magic
  9079 | Gauntlet | Reached skill level 5 in Ice Magic
  9079 | Gauntlet | Reached skill level 5 in Air Magic
  9079 | Gauntlet | Reached skill level 5 in Earth Magic
  9079 | Gauntlet | Reached skill level 5 in Poison Magic
  9101 | Gauntlet | Got a blackened dagger
  9102 | Gauntlet | Identified the +3 dagger of Hazamo {pierce, +Rage rF+} (You
                  | found it in a Gauntlet)
  9104 | Gauntlet | Got a heavily runed golden ring
  9106 | Gauntlet | Identified the ring of Fetuxkir {rF++ MR+++ MP-9 Dex+2
                  | Stlth-} (You found it in a Gauntlet)
  9323 | Gauntlet | Noticed a minotaur
  9338 | Gauntlet | Killed a minotaur
  9664 | D:11     | Noticed a sun demon
  9797 | D:11     | Noticed a sun demon
  9927 | D:11     | Killed an unseen horror
  9999 | Lair:1   | Entered Level 1 of the Lair of Beasts
 10191 | Lair:1   | You fall through a shaft!
 10281 | Lair:1   | Reached XP level 12. HP: 65/96 MP: 13/22
 11131 | Lair:2   | Learned a level 2 spell: Song of Slaying
 11479 | Lair:2   | Found a staircase to the Shoals.
 11845 | Lair:2   | Found a hole to the Spider Nest.
 12298 | Lair:2   | Gained mutation: Scrolls take you a little longer to read.
                  | [potion of mutation]
 12298 | Lair:2   | Gained mutation: Your skin changes colour to match your
                  | surroundings (Stealth+). [potion of mutation]
 12298 | Lair:2   | Gained mutation: You are weak. (Str -2) [potion of
                  | mutation]
 12298 | Lair:2   | Gained mutation: You have a pair of small horns on your
                  | head. [potion of mutation]
 12400 | Lair:3   | You fall through a shaft for 3 floors!
 12400 | Lair:6   | Entered Level 6 of the Lair of Beasts
 12416 | Lair:6   | Noticed a five-headed hydra
 12472 | Lair:6   | Found a staircase to the Slime Pits.
 12503 | Lair:5   | Noticed a four-headed hydra
 12572 | Lair:4   | Reached skill level 10 in Fighting
 12572 | Lair:4   | Reached skill level 10 in Armour
 12572 | Lair:4   | Reached skill level 10 in Shields
 13205 | Lair:4   | Reached XP level 13. HP: 103/103 MP: 15/24
 13417 | Lair:3   | Lost mutation: Scrolls take you a little longer to read.
                  | [potion of mutation]
 13417 | Lair:3   | Lost mutation: Your skin changes colour to match your
                  | surroundings (Stealth+). [potion of mutation]
 13417 | Lair:3   | Lost mutation: You have a pair of small horns on your head.
                  | [potion of mutation]
 13417 | Lair:3   | Gained mutation: Your flesh is cold resistant. (rC+)
                  | [potion of mutation]
 13417 | Lair:3   | Gained mutation: You are resistant to hostile enchantments.
                  | (MR+) [potion of mutation]
 14023 | Lair:4   | Identified the Collected Works on the Lucky Snowflakes
 15615 | Lair:5   | Bought a jewelled scimitar for 306 gold pieces
 15615 | Lair:5   | Identified the +5 scimitar "Olyageh" {venom, +Inv MR+ SInv}
                  | (You bought it in a shop on level 5 of the Lair of Beasts)
 15957 | Lair:6   | Noticed an entropy weaver
 15964 | Lair:6   | Killed an entropy weaver
 16171 | Lair:6   | Reached XP level 14. HP: 72/111 MP: 17/26
 16199 | Lair:6   | Noticed an entropy weaver
 16207 | Lair:6   | Killed an entropy weaver
 16574 | Lair:6   | Reached skill level 10 in Long Blades
 17036 | Lair:6   | Found a viscous altar of Jiyva.
 18186 | Orc:1    | Entered Level 1 of the Orcish Mines
 18527 | Orc:2    | Entered Level 2 of the Orcish Mines
 18527 | Orc:2    | Found a staircase to the Elven Halls.
 18542 | Orc:2    | Reached skill level 10 in Invocations
 18926 | Orc:2    | Found a frozen archway.
 19042 | IceCv    | Entered an ice cave
 20005 | IceCv    | Noticed a frost giant
 20028 | IceCv    | Killed a frost giant
 20072 | IceCv    | Reached XP level 15. HP: 51/119 MP: 28/28
 20351 | IceCv    | Got a brightly glowing plate armour
 20362 | IceCv    | Identified the +3 plate armour of Jeurou Wiag {rPois MP+9}
                  | (You found it in an ice cave)
 20727 | Orc:2    | Noticed an orc warlord
 20742 | Orc:2    | Killed an orc warlord
 21800 | Orc:2    | Found Podd's General Store.
 21801 | Orc:2    | Found Risi's Book Emporium.
 21802 | Orc:2    | Found Letunu's Antique Armour Shoppe.
 21802 | Orc:2    | Found Riattana's Antique Weapon Shoppe.
 21816 | Orc:2    | Bought a potion of haste for 160 gold pieces
 21816 | Orc:2    | Bought 2 scrolls of identify for 64 gold pieces
 22466 | D:11     | Found a runed translucent gate.
 22466 | D:11     | Found a runed translucent gate.
 22466 | D:11     | Noticed poxu's ghost (journeyman TrMo)
 22467 | D:11     | Found a runed translucent gate.
 22467 | D:11     | Identified the cursed +1 great mace of Volakopn {drain,
                  | +Rage Str-3 Dex+3}
 22505 | D:11     | Found a roughly hewn altar of Beogh.
 22538 | D:11     | Killed poxu's ghost
 22577 | D:11     | Got a pair of warped boots
 22589 | D:11     | Identified the +0 pair of boots of Kyagrel {rPois} (You
                  | found it on level 11 of the Dungeon)
 23485 | D:12     | Noticed Urug
 23503 | D:12     | Killed Urug
 23526 | D:12     | Noticed Josephine
 23535 | D:11     | Killed Josephine
 23749 | D:12     | Reached skill level 10 in Short Blades
 23749 | D:12     | Reached skill level 10 in Axes
 23749 | D:12     | Reached skill level 10 in Maces & Flails
 23749 | D:12     | Reached skill level 10 in Polearms
 23749 | D:12     | Reached skill level 10 in Staves
 23749 | D:12     | Reached skill level 10 in Slings
 23749 | D:12     | Reached skill level 10 in Bows
 23749 | D:12     | Reached skill level 10 in Crossbows
 23749 | D:12     | Reached skill level 10 in Throwing
 23749 | D:12     | Reached skill level 10 in Dodging
 23749 | D:12     | Reached skill level 10 in Stealth
 23749 | D:12     | Reached skill level 10 in Unarmed Combat
 23749 | D:12     | Reached skill level 10 in Spellcasting
 23749 | D:12     | Reached skill level 10 in Evocations
 24584 | D:13     | Found Loeruss's Book Shoppe.
 24591 | D:13     | Noticed Frances
 24604 | D:13     | Killed Frances
 25852 | D:13     | Learned a level 5 spell: Lee's Rapid Deconstruction
 26405 | D:14     | Reached XP level 16. HP: 56/127 MP: 21/30
 26661 | D:14     | Bought a potion of heal wounds for 55 gold pieces
 26661 | D:14     | Bought 3 scrolls of identify for 66 gold pieces
 26661 | D:14     | Bought a potion of brilliance for 44 gold pieces
 26661 | D:14     | Bought a scroll of identify for 22 gold pieces
 26690 | D:14     | Found a gate to the Vaults.
 26848 | D:14     | Noticed Agnes
 26867 | D:14     | Killed Agnes
 27136 | D:14     | You fall through a shaft!
 27136 | D:15     | Entered Level 15 of the Dungeon
 28406 | D:15     | Found a staircase to the Depths.
 28987 | D:15     | Mangled by an earth elemental

Skill      XL: |  1  2  3  4  5  6  7  8  9 10 11 12 13 14 15 16 |
---------------+-------------------------------------------------+-----
Invocations    | 1 2 3 4 5 6 7 8 9 10 11 | 11.5
Short Blades   | 1 2 3 4 5 6 7 8 9 10 | 10.6
Axes           | 1 2 3 4 5 6 7 8 9 10 | 10.6
Maces & Flails | 1 2 3 4 5 6 7 8 9 10 | 10.6
Polearms       | 1 2 3 4 5 6 7 8 9 10 | 10.6
Staves         | 1 2 3 4 5 6 7 8 9 10 | 10.6
Slings         | 1 2 3 4 5 6 7 8 9 10 | 10.6
Bows           | 1 2 3 4 5 6 7 8 9 10 | 10.6
Crossbows      | 1 2 3 4 5 6 7 8 9 10 | 10.6
Throwing       | 1 2 3 4 5 6 7 8 9 10 | 10.6
Dodging        | 1 2 3 4 5 6 7 8 9 10 | 10.6
Stealth        | 1 2 3 4 5 6 7 8 9 10 | 10.6
Unarmed Combat | 1 2 3 4 5 6 7 8 9 10 | 10.6
Spellcasting   | 1 2 3 4 5 6 7 8 9 10 | 10.6
Evocations     | 1 2 3 4 5 6 7 8 9 10 | 10.6
Conjurations   | 1 2 3 4 5 6 7 8 9 |  9.0
Hexes          | 1 2 3 4 5 6 7 8 9 |  9.0
Charms         | 1 2 3 4 5 6 7 8 9 |  9.0
Summonings     | 1 2 3 4 5 6 7 8 9 |  9.0
Necromancy     | 1 2 3 4 5 6 7 8 9 |  9.0
Translocations | 1 2 3 4 5 6 7 8 9 |  9.0
Transmutations | 1 2 3 4 5 6 7 8 9 |  9.0
Fire Magic     | 1 2 3 4 5 6 7 8 9 |  9.0
Ice Magic      | 1 2 3 4 5 6 7 8 9 |  9.0
Air Magic      | 1 2 3 4 5 6 7 8 9 |  9.0
Earth Magic    | 1 2 3 4 5 6 7 8 9 |  9.0
Poison Magic   | 1 2 3 4 5 6 7 8 9 |  9.0
Long Blades    | 5 6 7 8 9 10 11 | 11.5
Fighting       | 7 8 9 10 11 12 | 12.2
Armour         | 7 8 9 10 11 12 | 12.2
Shields        | 7 8 9 10 11 12 | 12.2

Action                   |  1- 3 |  4- 6 |  7- 9 | 10-12 | 13-15 | 16-18 || total
-------------------------+-------+-------+-------+-------+-------+-------++-------
Melee: Long sword        |    92 |   165 |       |       |       |       ||   257
       Bite              |    10 |    32 |    53 |   139 |   287 |    68 ||   589
       Mace              |       |    49 |   287 |       |       |       ||   336
       Short sword       |       |       |   102 |   820 |   284 |    11 ||  1217
       Dagger            |       |       |     1 |    27 |       |       ||    28
       Headbutt          |       |       |       |    47 |    14 |       ||    61
       Scimitar          |       |       |       |       |  1333 |   261 ||  1594
Throw: Javelin           |       |       |       |    32 |    75 |    15 ||   122
       Throwing net      |       |       |       |     3 |     1 |       ||     4
 Cast: Song of Slaying   |       |       |       |     2 |     9 |     1 ||    12
       Lee's Rapid Decon |       |       |       |       |     3 |       ||     3
Invok: Potion Petition   |       |       |       |     1 |     1 |       ||     2
       Call Merchant     |       |       |       |       |     4 |     1 ||     5
 Abil: Evoke Invisibilit |       |       |       |       |    11 |     1 ||    12
Evoke: Wand              |       |     2 |     2 |     8 |    23 |     9 ||    44
  Use: Scroll            |       |    12 |     4 |     8 |     4 |     3 ||    31
       Potion            |       |       |     4 |     9 |     2 |     1 ||    16
 Stab: Distracted        |       |       |     3 |     7 |     9 |     2 ||    21
       Invisible         |       |       |     4 |       |    59 |     4 ||    67
       Sleeping          |       |       |     5 |     8 |    10 |     2 ||    25
       Held in net/web   |       |       |       |     2 |       |       ||     2
       Petrifying        |       |       |       |       |     1 |       ||     1
       Petrified         |       |       |       |       |     1 |       ||     1
  Eat: Chunk             |       |     5 |       |       |       |       ||     5
       Ration            |       |     1 |     4 |     6 |    15 |     4 ||    30
Armor: Scale mail        |    27 |    80 |    89 |       |       |       ||   196
       Leather armour    |       |       |    33 |    36 |       |       ||    69
       Swamp dragon scal |       |       |       |   183 |   527 |    87 ||   797
Dodge: Dodged            |    25 |    67 |   173 |   376 |   954 |   153 ||  1748
Block: Shield            |    48 |   107 |   245 |   484 |  1069 |   198 ||  2151
       Rpst.: Long sword |     4 |    16 |       |       |       |       ||    20
       Scimitar          |       |       |       |       |   190 |    33 ||   223
